| TOP OF THE 1ST |
|
Minnesota Twins batting - Pitching for Boston Red Sox : LHP Ragnar Danielsson
|
|
Pitching: LHP Ragnar Danielsson
|
|
|
Batting: RHB Yonetoshi Muranaka
|
0-0: Ball 1-0: Fly out, F3 (Popup, 3S, EV 81.9 MPH)
|
|
Batting: RHB Väinö Tapaninen
|
0-0: Ball 1-0: Ball 2-0: Ball 3-0: Called Strike 3-1: Base on Balls
|
|
Batting: RHB Jared McClernon
|
0-0: Called Strike 0-1: Ball 1-1: Called Strike 1-2: Strikes out swinging
|
|
Batting: RHB Jesus Chavez
|
0-0: Swinging Strike 0-1: Ball 1-1: Fly out, F8 (Flyball, 8LXD, EV 111.2 MPH)
|
| Top of the 1st over - 0 runs, 0 hits, 0 errors, 1 left on base; Minnesota 0 - Boston 0 |
| BOTTOM OF THE 1ST |
|
Boston Red Sox batting - Pitching for Minnesota Twins : RHP Oscar Zuniga
|
|
Pitching: RHP Oscar Zuniga
|
|
|
Batting: SHB Robbie Rogers
|
0-0: Ground out 5-3 (Groundball, 5S, EV 67.5 MPH)
|
|
Batting: LHB Kevin McCormic Jr.
|
0-0: Ball 1-0: Called Strike 1-1: Ball 2-1: Foul Ball, location: 2F 2-2: Foul Ball, location: 2F 2-2: Ball 3-2: DOUBLE (Flyball, 7LD, EV 95.6 MPH)
|
|
Batting: SHB Mark Rennie
|
0-0: Ball 1-0: Ball 2-0: Foul Ball, location: 2F 2-1: Foul Ball, location: 2F 2-2: Ball 3-2: Fly out, F8 (Flyball, 8RD, EV 105.0 MPH)
|
|
Batting: LHB Ernesto Cedillos
|
0-0: Fly out, F8 (Flyball, 78XD, EV 101.9 MPH)
|
| Bottom of the 1st over - 0 runs, 1 hit, 0 errors, 1 left on base; Minnesota 0 - Boston 0 |
| TOP OF THE 2ND |
|
Minnesota Twins batting - Pitching for Boston Red Sox : LHP Ragnar Danielsson
|
|
Batting: RHB Vinny Luna
|
0-0: Ground out 3-1 (Groundball, 13, EV 85.6 MPH)
|
|
Batting: RHB Josh Zoglmann
|
0-0: SINGLE (Groundball, 4M, EV 86.9 MPH) (infield hit)
|
|
Batting: LHB Gerardo Flores
|
0-0: Called Strike 0-1: Ball Wild Pitch! Josh Zoglmann to second 1-1: Ball 2-1: Ground out 5-3 (Groundball, 56, EV 89.4 MPH)
|
|
Batting: RHB Aaron Trotman
|
0-0: Ball 1-0: Foul Ball, location: 2F 1-1: Swinging Strike 1-2: Ball 2-2: Foul Ball, location: 2F 2-2: Strikes out looking
|
| Top of the 2nd over - 0 runs, 1 hit, 0 errors, 1 left on base; Minnesota 0 - Boston 0 |
| BOTTOM OF THE 2ND |
|
Boston Red Sox batting - Pitching for Minnesota Twins : RHP Oscar Zuniga
|
|
Batting: RHB Nick Esteves
|
0-0: Ball 1-0: Foul Ball, location: 2F 1-1: Foul Ball, location: 2F 1-2: Foul Ball, location: 2F 1-2: Foul Ball, location: 2F 1-2: SINGLE (Line Drive, 9S, EV 97.5 MPH)
|
|
Batting: RHB Chris Lane
|
0-0: Ball 1-0: Foul Ball, location: 2F 1-1: Ball 2-1: Foul Ball, location: 2F 2-2: Ball 3-2: Strikes out swinging
|
|
Batting: RHB Won-jun Park
|
0-0: SINGLE (Groundball, 56D, EV 79.4 MPH) (infield hit) Nick Esteves to second
|
|
Pitching: RHP Jose Lopez
|
|
|
Batting: SHB Greg Prime
|
0-0: Ball Nick Esteves steals 3rd base Won-jun Park to second 1-0: Foul Ball, location: 2F 1-1: Swinging Strike 1-2: Strikes out swinging
|
|
Batting: SHB Brace Harper
|
0-0: Ball 1-0: Called Strike 1-1: Ball 2-1: Foul Ball, location: 2F 2-2: Ball 3-2: Base on Balls
|
|
Batting: SHB Robbie Rogers
|
0-0: Called Strike 0-1: Fielders Choice at 2nd, U4 (Groundball, 4M, EV 103.1 MPH)
|
| Bottom of the 2nd over - 0 runs, 2 hits, 0 errors, 3 left on base; Minnesota 0 - Boston 0 |
| TOP OF THE 3RD |
|
Minnesota Twins batting - Pitching for Boston Red Sox : LHP Ragnar Danielsson
|
|
Batting: RHB Bobby Blanchard
|
0-0: Ground out 6-3 (Groundball, 6, EV 83.1 MPH)
|
|
Batting: RHB Yonetoshi Muranaka
|
0-0: Ball 1-0: SINGLE (Groundball, 56, EV 100.0 MPH)
|
|
Batting: RHB Väinö Tapaninen
|
0-0: SINGLE (Groundball, 6MS, EV 62.5 MPH) (infield hit) Yonetoshi Muranaka to second
|
|
Batting: RHB Jared McClernon
|
0-0: 3-RUN HOME RUN (Flyball, 7LD, EV 95.6 MPH), Distance : 345 ft
|
|
Batting: RHB Jesus Chavez
|
0-0: Called Strike 0-1: DOUBLE (Flyball, 8LXD, EV 103.8 MPH)
|
|
Batting: RHB Vinny Luna
|
0-0: Ball 1-0: Ball 2-0: Ground out 1-3 (Groundball, 13S, EV 67.5 MPH) Jesus Chavez to third
|
|
Batting: RHB Josh Zoglmann
|
0-0: Ball 1-0: Ball 2-0: Foul Ball, location: 2F 2-1: Ball 3-1: Called Strike 3-2: Strikes out swinging
|
| Top of the 3rd over - 3 runs, 4 hits, 0 errors, 1 left on base; Minnesota 3 - Boston 0 |
| BOTTOM OF THE 3RD |
|
Boston Red Sox batting - Pitching for Minnesota Twins : RHP Jose Lopez
|
|
Batting: LHB Kevin McCormic Jr.
|
0-0: Called Strike 0-1: Ball 1-1: Called Strike 1-2: Foul Ball, location: 2F 1-2: Foul Ball, location: 2F 1-2: Foul Ball, location: 2F 1-2: Foul Ball, location: 2F 1-2: Ball 2-2: Ball 3-2: Fly out, F8 (Flyball, 8RXD, EV 92.5 MPH)
|
|
Batting: SHB Mark Rennie
|
0-0: Foul Ball, location: 2F 0-1: Fly out, F9 (Flyball, 9S, EV 90.0 MPH)
|
|
Batting: LHB Ernesto Cedillos
|
0-0: Ball 1-0: Ball 2-0: Swinging Strike 2-1: Ground out 4-3 (Groundball, 4, EV 83.1 MPH)
|
| Bottom of the 3rd over - 0 runs, 0 hits, 0 errors, 0 left on base; Minnesota 3 - Boston 0 |
| TOP OF THE 4TH |
|
Minnesota Twins batting - Pitching for Boston Red Sox : LHP Ragnar Danielsson
|
|
Batting: LHB Gerardo Flores
|
0-0: Bunt for hit to 5S - play at first, batter safe!
|
|
Batting: RHB Aaron Trotman
|
0-0: Ball 1-0: Ground out 5-3 (Groundball, 56S, EV 68.1 MPH) Gerardo Flores to second
|
|
Batting: RHB Bobby Blanchard
|
0-0: Called Strike 0-1: Swinging Strike 0-2: Foul Ball, location: 2F 0-2: Ball 1-2: Ball 2-2: Strikes out looking
|
|
Batting: RHB Yonetoshi Muranaka
|
0-0: Ground out 5-3 (Groundball, 5, EV 80.6 MPH)
|
| Top of the 4th over - 0 runs, 1 hit, 0 errors, 1 left on base; Minnesota 3 - Boston 0 |
| BOTTOM OF THE 4TH |
|
Boston Red Sox batting - Pitching for Minnesota Twins : RHP Jose Lopez
|
|
Batting: RHB Nick Esteves
|
0-0: Called Strike 0-1: Called Strike 0-2: DOUBLE (Flyball, 78XD, EV 100.6 MPH)
|
|
Batting: RHB Chris Lane
|
0-0: Ball 1-0: Called Strike 1-1: Called Strike 1-2: Foul Ball, location: 2F 1-2: Fly out, F4 (Popup, 34D, EV 49.4 MPH)
|
|
Batting: RHB Won-jun Park
|
0-0: Ball 1-0: Fly out, F8 (Line Drive, 8RD, EV 95.0 MPH)
|
|
Batting: SHB Greg Prime
|
0-0: Swinging Strike 0-1: Called Strike 0-2: Ball 1-2: Ground out 6-3 (Groundball, 4MS, EV 83.8 MPH)
|
| Bottom of the 4th over - 0 runs, 1 hit, 0 errors, 1 left on base; Minnesota 3 - Boston 0 |
| TOP OF THE 5TH |
|
Minnesota Twins batting - Pitching for Boston Red Sox : LHP Ragnar Danielsson
|
|
Batting: RHB Väinö Tapaninen
|
0-0: Ground out 5-3 (Groundball, 5, EV 106.2 MPH)
|
|
Batting: RHB Jared McClernon
|
0-0: Called Strike 0-1: Ball 1-1: Called Strike 1-2: SINGLE (Groundball, 25, EV 66.9 MPH) (infield hit)
|
|
Batting: RHB Jesus Chavez
|
0-0: Called Strike 0-1: Ball 1-1: Grounds into double play, 4-6-3 (Groundball, 34, EV 91.9 MPH)
|
| Top of the 5th over - 0 runs, 1 hit, 0 errors, 0 left on base; Minnesota 3 - Boston 0 |
| BOTTOM OF THE 5TH |
|
Boston Red Sox batting - Pitching for Minnesota Twins : RHP Jose Lopez
|
|
Batting: SHB Brace Harper
|
0-0: Ball 1-0: Foul Ball, location: 2F 1-1: Ball 2-1: Ball 3-1: Foul Ball, location: 2F 3-2: Foul Ball, location: 2F 3-2: Ground out U3 (Groundball, 3, EV 101.9 MPH)
|
|
Batting: SHB Robbie Rogers
|
0-0: Called Strike 0-1: Ball 1-1: Swinging Strike 1-2: SINGLE (Line Drive, 4D, EV 99.4 MPH)
|
|
Batting: LHB Kevin McCormic Jr.
|
0-0: Ball 1-0: Ball Robbie Rogers steals 2nd, throwing error, E2 Robbie Rogers to third 2-0: Foul Ball, location: 2F 2-1: DOUBLE (Groundball, 5L, EV 105.0 MPH) Robbie Rogers scores
|
|
Batting: SHB Mark Rennie
|
0-0: Swinging Strike 0-1: Called Strike 0-2: Foul Ball, location: 2F 0-2: Fly out, F8 (Flyball, 8LM, EV 86.9 MPH)
|
|
Batting: LHB Ernesto Cedillos
|
0-0: Called Strike 0-1: Ball 1-1: Swinging Strike 1-2: Ball 2-2: Ball 3-2: Foul Ball, location: 2F 3-2: SINGLE (Groundball, 4MD, EV 104.4 MPH) Kevin McCormic Jr. to third Runner from 3rd tries for Home, SAFE, throw by CF to home
|
|
Pinch Hitting: LHB Xavier Pittman
|
0-0: Ball 1-0: Ball 2-0: TRIPLE (Line Drive, 89XD, EV 96.9 MPH) Ernesto Cedillos scores
|
|
Batting: RHB Chris Lane
|
0-0: Called Strike 0-1: Swinging Strike 0-2: Strikes out swinging
|
| Bottom of the 5th over - 3 runs, 4 hits, 1 error, 1 left on base; Minnesota 3 - Boston 3 |
| TOP OF THE 6TH |
|
Minnesota Twins batting - Pitching for Boston Red Sox : LHP Ragnar Danielsson
|
|
Now in LF: Brian Gray
|
|
|
Now in CF: Mark Rennie
|
|
|
Batting: RHB Vinny Luna
|
0-0: Called Strike 0-1: Ground out 4-3 (Groundball, 4S, EV 86.9 MPH)
|
|
Batting: RHB Josh Zoglmann
|
0-0: Ball 1-0: Ball 2-0: Foul Ball, location: 2F 2-1: Swinging Strike 2-2: Ball 3-2: SINGLE (Flyball, 34D, EV 87.5 MPH)
|
|
Batting: LHB Gerardo Flores
|
0-0: Called Strike Josh Zoglmann steals 2nd base (no throw) 0-1: Ball 1-1: Ball 2-1: Fly out, F8 (Flyball, 8RM, EV 75.0 MPH)
|
|
Batting: RHB Aaron Trotman
|
0-0: DOUBLE (Flyball, 89D, EV 101.2 MPH) Josh Zoglmann scores
|
|
Batting: RHB Bobby Blanchard
|
0-0: Ball 1-0: Foul Ball, location: 2F 1-1: Ball 2-1: Ball 3-1: Foul Ball, location: 2F 3-2: Ground out 5-3 (Groundball, 56S, EV 79.4 MPH)
|
| Top of the 6th over - 1 run, 2 hits, 0 errors, 1 left on base; Minnesota 4 - Boston 3 |
| BOTTOM OF THE 6TH |
|
Boston Red Sox batting - Pitching for Minnesota Twins : RHP Jose Lopez
|
|
Batting: RHB Won-jun Park
|
0-0: Ball 1-0: Ball 2-0: SINGLE (Groundball, 56D, EV 102.5 MPH)
|
|
Batting: SHB Greg Prime
|
0-0: Called Strike 0-1: Ball 1-1: Foul Ball, location: 2F 1-2: Grounds into double play, 4-6-3 (Groundball, 4, EV 105.0 MPH)
|
|
Batting: SHB Brace Harper
|
0-0: Ball 1-0: Fly out, F5 (Popup, 6, EV 71.2 MPH)
|
| Bottom of the 6th over - 0 runs, 1 hit, 0 errors, 0 left on base; Minnesota 4 - Boston 3 |
| TOP OF THE 7TH |
|
Minnesota Twins batting - Pitching for Boston Red Sox : LHP Ragnar Danielsson
|
|
Batting: RHB Yonetoshi Muranaka
|
0-0: Ball 1-0: Ball 2-0: Ball 3-0: Called Strike 3-1: Foul Ball, location: 2F 3-2: Foul Ball, location: 2F 3-2: Base on Balls
|
|
Batting: RHB Väinö Tapaninen
|
0-0: Fly out, F1 (Line Drive, P, EV 70.0 MPH)
|
|
Batting: RHB Jared McClernon
|
0-0: Ball 1-0: Ball 2-0: Foul Ball, location: 2F 2-1: Ball 3-1: Foul Ball, location: 2F 3-2: Strikes out swinging Yonetoshi Muranaka steals 2nd, throwing error, E2 Yonetoshi Muranaka to third
|
|
Batting: RHB Jesus Chavez
|
0-0: Ball 1-0: SINGLE (Groundball, 34D, EV 101.2 MPH) Yonetoshi Muranaka scores
|
|
Pitching: RHP Edgar Saldivar
|
|
|
Batting: RHB Vinny Luna
|
0-0: Ball 1-0: Called Strike 1-1: Foul Ball, location: 2F 1-2: Strikes out swinging
|
| Top of the 7th over - 1 run, 1 hit, 1 error, 1 left on base; Minnesota 5 - Boston 3 |
| BOTTOM OF THE 7TH |
|
Boston Red Sox batting - Pitching for Minnesota Twins : RHP Jose Lopez
|
|
Batting: SHB Robbie Rogers
|
0-0: SINGLE (Line Drive, 8LS, EV 105.6 MPH)
|
|
Batting: LHB Kevin McCormic Jr.
|
0-0: Ball Robbie Rogers steals 2nd base (no throw) 1-0: Foul Ball, location: 2F 1-1: Ball 2-1: Foul Ball, location: 2F 2-2: 2-RUN HOME RUN (Flyball, 7D, EV 100.6 MPH), Distance : 415 ft
|
|
Pitching: RHP Freddie Trainor
|
|
|
Batting: SHB Mark Rennie
|
0-0: Foul Ball, location: 2F 0-1: Ball 1-1: Foul Ball, location: 2F 1-2: Ball 2-2: Foul Ball, location: 2F 2-2: Fly out, F8 (Flyball, 8RD, EV 80.6 MPH)
|
|
Batting: LHB Ernesto Cedillos
|
0-0: Hit by Pitch
|
|
Batting: LHB Brian Gray
|
0-0: Foul Ball, location: 2F 0-1: Called Strike 0-2: Strikes out swinging
|
|
Pinch Hitting: SHB Rich Chavez
|
0-0: Ball 1-0: Ball 2-0: Ground out 4-3 (Groundball, 4, EV 75.6 MPH)
|
| Bottom of the 7th over - 2 runs, 2 hits, 0 errors, 1 left on base; Minnesota 5 - Boston 5 |
| TOP OF THE 8TH |
|
Minnesota Twins batting - Pitching for Boston Red Sox : RHP Edgar Saldivar
|
|
Now at 2B: Rich Chavez
|
|
|
Pinch Hitting: LHB Armando Rendon
|
0-0: Ground out 6-3 (Groundball, 6M, EV 84.4 MPH)
|
|
Batting: LHB Gerardo Flores
|
0-0: Called Strike 0-1: Ball 1-1: Ground out 4-3 (Groundball, 4MD, EV 105.0 MPH)
|
|
Batting: RHB Aaron Trotman
|
0-0: Ground out 6-3 (Groundball, 6S, EV 60.0 MPH)
|
| Top of the 8th over - 0 runs, 0 hits, 0 errors, 0 left on base; Minnesota 5 - Boston 5 |
| BOTTOM OF THE 8TH |
|
Boston Red Sox batting - Pitching for Minnesota Twins : RHP Freddie Trainor
|
|
Now at 3B: Armando Rendon
|
|
|
Batting: RHB Won-jun Park
|
0-0: Called Strike 0-1: Ball 1-1: Ball 2-1: Ball 3-1: Fly out, F7 (Flyball, 78S, EV 95.6 MPH)
|
|
Batting: SHB Greg Prime
|
0-0: Ball 1-0: Ground out 4-3 (Groundball, 4, EV 85.6 MPH)
|
|
Batting: SHB Brace Harper
|
0-0: Ball 1-0: Ball 2-0: Ball 3-0: Base on Balls
|
|
Batting: SHB Robbie Rogers
|
0-0: Ball Brace Harper steals 2nd, throwing error, E2 Brace Harper to third 1-0: Called Strike 1-1: Foul Ball, location: 2F 1-2: Ball 2-2: DOUBLE (Line Drive, 7D, EV 101.2 MPH) Brace Harper scores
|
|
Batting: LHB Kevin McCormic Jr.
|
0-0: Ball 1-0: Called Strike 1-1: Foul Ball, location: 2F 1-2: Ball 2-2: Foul Ball, location: 2F 2-2: Foul Ball, location: 2F 2-2: Fly out, F9 (Flyball, 89S, EV 80.6 MPH)
|
| Bottom of the 8th over - 1 run, 1 hit, 1 error, 1 left on base; Minnesota 5 - Boston 6 |
| TOP OF THE 9TH |
|
Minnesota Twins batting - Pitching for Boston Red Sox : RHP Edgar Saldivar
|
|
Pitching: RHP Max Blankenship
|
|
|
Now in CF: Shoichi Aso
|
|
|
Pinch Hitting: LHB Shu-yen Guo
|
0-0: Ball 1-0: Called Strike 1-1: Ball 2-1: Ball 3-1: Foul Ball, location: 2F 3-2: Strikes out swinging
|
|
Batting: RHB Yonetoshi Muranaka
|
0-0: Called Strike 0-1: Ball 1-1: Ball 2-1: Ground out 5-3 (Groundball, 5, EV 98.8 MPH)
|
|
Batting: RHB Väinö Tapaninen
|
0-0: Ball 1-0: Foul Ball, location: 2F 1-1: Ball 2-1: Ball 3-1: Base on Balls
|
|
Batting: RHB Jared McClernon
|
0-0: Called Strike Väinö Tapaninen steals 2nd base (no throw) 0-1: Foul Ball, location: 2F 0-2: Ball 1-2: SINGLE (Groundball, 56D, EV 94.4 MPH) Väinö Tapaninen to third Runner from 3rd tries for Home, throw by LF and OUT! 7-2
|
| Top of the 9th over - 0 runs, 1 hit, 0 errors, 1 left on base; Minnesota 5 - Boston 6 |
|